 Dungeon Crawl Stone Soup version 0.17-a0-2055-gb4e23be (webtiles) character file.

312 Ghalim the Cudgeler (level 6, 0/48 HPs)
             Began as a Human Conjurer on Oct 11, 2015.
             Slain by an orc
             ... wielding a +0 falchion
              (5 damage)
             ... on level 4 of the Dungeon.
             The game lasted 00:11:37 (5108 turns).

Ghalim the Cudgeler (Human Conjurer)                Turns: 5108, Time: 00:11:37

Health: 0/48       AC:  2    Str: 11    XL:     6   Next: 70%
Magic:  1/9        EV: 12    Int: 15    God:
Gold:   216        SH:  0    Dex: 13    Spells: 2 memorised, 6 levels left

rFire  x . .     SeeInvis .     l - +0 club
rCold  + . .     Clarity  .     a - +0 robe
rNeg   . . .     SustAt   .     (no shield)
rPois  .         Gourm    .     (no helmet)
rElec  .         Spirit   .     (no cloak)
rCorr  +         Warding  .     (no gloves)
rMut   .         Stasis   .     (no boots)
MR     .....                    q - amulet of resist corrosion
Stlth  ++........               y - ring of ice
                                (no ring)

@: not resistant to hostile enchantments, unstealthy
A: no striking features
a: no special abilities


You were on level 4 of the Dungeon.
You were hungry.

You visited 1 branch of the dungeon, and saw 4 of its levels.

You collected 216 gold pieces.

Inventory:

Hand Weapons
 l - a +0 club (weapon)
Armour
 a - a +0 robe (worn)
 i - a +0 pair of gloves
 n - a +1 ring mail
 u - a +0 leather armour
 C - a +0 shield
 D - a +2 pair of gloves
Jewellery
 q - an amulet of resist corrosion (around neck)
 y - a ring of ice (right hand)
Scrolls
 d - a scroll of magic mapping
 e - 2 scrolls of remove curse
 h - a scroll of immolation {unknown}
 j - a scroll of recharging {unknown}
 m - 5 scrolls of identify
 r - a scroll of teleportation
 t - a scroll of fear {unknown}
 x - 3 scrolls of enchant armour
Potions
 f - a potion of heal wounds
 k - a potion of might {unknown}
 p - 2 potions of mutation
 s - a potion of curing {unknown}
 v - a potion of ambrosia {unknown}
 w - a potion of brilliance {unknown}
 z - a potion of lignification {unknown}
 B - a potion of invisibility {unknown}
Books
 b - a book of Conjurations

   Spells                             Type                      Level
   a - Magic Dart                     Conjuration                  1
   b - Searing Ray                    Conjuration                  2
   c - Dazzling Spray                 Conjuration/Hexes            3
   d - Fulminant Prism                Conjuration/Hexes            4
   e - Iskenderun's Mystic Blast      Conjuration                  4
   f - Iskenderun's Battlesphere      Conjuration/Charms           5
Comestibles
 c - a bread ration
 g - a slice of pizza
 o - a royal jelly
 A - 2 beef jerkies


   Skills:
 + Level 3.9 Fighting
 * Level 4.5 Maces & Flails
 - Level 2.0 Dodging
 - Level 2.0 Stealth
 - Level 2.0 Spellcasting
 - Level 4.0 Conjurations


You had 6 spell levels left.
You knew the following spells:

 Your Spells              Type           Power        Failure   Level  Hunger
a - Magic Dart            Conj           ##..         4%          1    #......
b - Searing Ray           Conj           ##....       8%          2    ###....


Dungeon Overview and Level Annotations

Branches:
Dungeon (4/15)
 Temple: D:4-7

Altars:
Nemelex Xobeh
Trog
Vehumet


Message History

The orc barely misses you.
Casting: Magic Dart
Confirm with . or Enter, or press ? or * to list all spells.
Aiming: Searing Ray
Press: ? - help, Shift-Dir - straight line, f - orc
Aim: an orc, wielding a falchion and wearing a leather armour (heavily wounded)
Okay, then.
Casting: Searing Ray
Confirm with . or Enter, or press ? or * to list all spells.
Aiming: Magic Dart
Press: ? - help, Shift-Dir - straight line, f - orc
Aim: an orc, wielding a falchion and wearing a leather armour (heavily wounded)
The magic dart hits the orc.
The orc is heavily wounded.
The orc hits you with a falchion!
* * * LOW HITPOINT WARNING * * *
You closely miss the orc.
The orc is heavily wounded.
The orc hits you with a falchion.
You die...

##########
########
#...@o[..#
#......##
#.######<#
#.#.#...## #.#
)# ##........#
#.# o#
...#.#...####.#
.#
#.............#
..
###.##.#######
.# #....# .#
####'##


You could see an orc.

Vanquished Creatures
  A scorpion (D:3)
  An iguana (D:3)
  2 worker ants
  9 adders
  4 gnolls (D:3)
  An ooze (D:2)
  An adder skeleton (D:4)
  3 worms
  A giant gecko (D:2)
  5 orcs
  5 bats
  2 giant cockroaches
  6 hobgoblins
  2 jackals (D:4)
  A quokka (D:2)
  2 giant newts
  3 goblins
  7 kobolds
  7 rats
63 creatures vanquished.

Notes
Turn   | Place    | Note
--------------------------------------------------------------
     0 | D:1      | Ghalim the Human Conjurer began the quest for the Orb.
     0 | D:1      | Reached XP level 1. HP: 13/13 MP: 3/3
   233 | D:1      | Reached skill level 1 in Fighting
   387 | D:1      | Reached XP level 2. HP: 16/21 MP: 0/5
  1303 | D:2      | Reached skill level 1 in Maces & Flails
  1303 | D:2      | Reached XP level 3. HP: 23/27 MP: 0/6
  1820 | D:2      | Found a sparkling altar of Nemelex Xobeh.
  2030 | D:2      | Reached XP level 4. HP: 34/34 MP: 1/7
  2550 | D:3      | Found a radiant altar of Vehumet.
  2902 | D:2      | Learned a level 2 spell: Searing Ray
  2994 | D:3      | Reached XP level 5. HP: 26/41 MP: 0/8
  3482 | D:3      | Found a bloodstained altar of Trog.
  3603 | D:3      | Found a faded altar to an unknown god.
  3746 | D:3      | Reached XP level 6. HP: 29/47 MP: 3/9
  5108 | D:4      | Slain by an orc

Vault maps used:
D:1:      evilmike_arrival_rings
D:2:      overflow_temple_1_default, serial_bayou_lagoon_a
D:3:      lightli_temple_of_fire, nicolae_overflow_crystal_walls,
          ecumenical_altar_2, st_stairs_3, kennysheep_generic_room_7
D:4:      serial_glass, glass_columns_c, glass_columns_a, glass_columns_a,
          glass_columns_a, glass_columns_a, glass_columns_a, glass_columns_c,
          glass_columns_a, glass_columns_a, glass_columns_a, first_bread,
          kennysheep_generic_room_3

Action                   |  1- 3 |  4- 6 || total
-------------------------+-------+-------++-------
Melee: Unarmed           |    16 |       ||    16
       Club              |    13 |    59 ||    72
 Cast: Magic Dart        |    69 |    85 ||   154
       Searing Ray       |       |    12 ||    12
  Use: Scroll            |       |     7 ||     7
       Potion            |       |     4 ||     4
  Eat: Chunk             |     4 |     7 ||    11
       Meat ration       |       |     1 ||     1
